 Dungeon Crawl Stone Soup version 0.31-a0-175-g9f7f995f2b (webtiles) character file.

Game seed: 12350843984370872979

2100 Pooter the Cleaver (level 9, -15/79 HPs)
             Began as a Minotaur Fighter on June 17, 2023.
             Was a Believer of Okawaru.
             Demolished by a gnoll sergeant
             ... wielding a +2 trident of electrocution
              (16 damage)
             ... on level 6 of the Dungeon.
             The game lasted 00:30:18 (6988 turns).

Pooter the Cleaver (Minotaur Fighter)               Turns: 6988, Time: 00:30:18

Health: -15/79     AC: 16    Str: 26    XL:     9   Next: 7%
Magic:  5/8        EV:  9    Int:  5    God:    Okawaru [**....]
Gold:   368        SH:  0    Dex: 12    Spells: 8/8 levels left

rFire   x . .        a - +0 battleaxe
rCold   + . .        (shield currently unavailable)
rNeg    . . .        f - +0 plate armour
rPois   .            (helmet restricted)
rElec   .            (no cloak)
rCorr   .            (no gloves)
SInv    +            m - +1 pair of boots
Will    .....        (no amulet) Stlth
                     q - ring of flight
HPRegen 0.33/turn    A - ring "Hent" {Ice Str+3 SInv}
MPRegen 0.11/turn

%: no passive effects
@: heroic, flying
A: horns 2, retaliatory headbutt
a: Renounce Religion, Heroism


You were on level 6 of the Dungeon.
You worshipped Okawaru.
Okawaru was pleased with you.
You visited 1 branch of the dungeon, and saw 6 of its levels.

You collected 368 gold pieces.

Inventory:

Hand Weapons
 a - a +0 battleaxe (weapon)
   (You found it on level 4 of the Dungeon)
 b - a +0 orcbow
   (You took it off a centaur on level 6 of the Dungeon)
 s - the +8 sling of the Boar {elec, Drain Fragile rPois Int+4}
   (You took it off a hobgoblin on level 3 of the Dungeon)

   Int:       It affects your intelligence (+4).
   rPois:     It protects you from poison.
   Drain:     It drains your maximum health when unequipped.
   Fragile:   It will be destroyed if unequipped.
 u - a +0 war axe of draining
 C - a +0 trident
   (You took it off an orc on level 5 of the Dungeon)
 D - a +5 halberd
   (You took it off a wight on level 6 of the Dungeon)
 E - a +1 heavy mace
   (You took it off an orc priest on level 6 of the Dungeon)
Missiles
 p - 4 poisoned darts
 t - a throwing net {!f}
 v - 5 boomerangs (quivered)
 y - a javelin
 Q - 46 stones
Armour
 c - a +0 buckler
 f - a +0 plate armour (worn)
   (You took it off an orc warrior on level 3 of the Dungeon)
 m - a +1 pair of boots (worn)
   (You found it on level 2 of the Dungeon)
Jewellery
 q - a ring of flight (left hand)
   (You found it on level 3 of the Dungeon)
 A - the ring "Hent" (right hand) {Ice Str+3 SInv}
   (You found it on level 5 of the Dungeon)

   [ring of ice]

   It enhances your ice magic.
   Str:       It affects your strength (+3).
   rF:        It makes you vulnerable to fire.
   rC:        It protects you from cold.
   SInv:      It lets you see invisible.
Wands
 F - a wand of roots (5)
   (You found it on level 6 of the Dungeon)
Scrolls
 d - 2 scrolls of fog
 e - a scroll of fear
 g - 2 scrolls of amnesia
 i - a scroll of identify {@r1}
 l - a scroll of enchant weapon {unknown}
 o - a scroll of blinking
 r - a scroll of noise {!r}
 z - 5 scrolls of teleportation {unknown}
Potions
 h - 3 potions of heal wounds {unknown}
 j - 2 potions of invisibility {unknown}
 k - a potion of haste {unknown}
 n - 3 potions of degeneration {unknown}
 w - a potion of brilliance {unknown}
 x - a potion of mutation {unknown}
 B - a potion of might


   Skills:
 + Level 7.6(12.6) Fighting
 * Level 9.9(14.9) Axes
 * Level 7.4(12.4) Ranged Weapons
 - Level 3.6(8.6) Armour
 - Level 3.6(8.6) Shields


You had 8 spell levels left.
You didn't know any spells.
Your spell library contained the following spells:

 Spells                   Type           Power      Damage    Failure   Level
 Freeze                   Ice            0%         1d3       99%         1
 Dazzling Flash           Conj/Hex       0%         N/A       100%        3
 Frozen Ramparts          Ice            0%         1d1       100%        3
 Hailstorm                Conj/Ice       0%         3d3       100%        3
 Agony                    Necr           0%         N/A       100%        5
 Silence                  Hex/Air        0%         N/A       100%        5


Dungeon Overview and Level Annotations

Branches:
Dungeon (6/15)             Temple (0/1) D:5

Altars:
Ashenzari
Dithmenos
Kikubaaqudgha
Okawaru
Yredelemnul

Annotations:
D:6 1 transporter, Hubris850's ghost, novice MiFi


Innate Abilities, Weirdness & Mutations

You have a pair of horns on your head.
You reflexively headbutt those who attack you in melee.


Message History

g - Guard the area. f - Follow me.
Anything else - Cancel.
You shout for attention!
You hear a shout!
You shoot an arrow. The gnoll sergeant blocks the arrow.
The gnoll sergeant hits you but does no damage.
You shoot an arrow. The gnoll sergeant blocks the arrow.
The gnoll sergeant hits you from afar with the +2 trident of Hacking and Slashing {chaos, rF+}!
The gnoll sergeant burns you.
a - a +0 battleaxe (weapon)
The gnoll sergeant hits you from afar with the +2 trident of Hacking and Slashing {chaos, rF+}.
You feel your power leaking away.
The gnoll zaps a wand.
Your mind is blasted!
You gain the combat prowess of a mighty hero.
The gnoll sergeant hits you but does no damage.
The gnoll zaps a wand.
Your mind is blasted!
* * * LOW HITPOINT WARNING * * *
The gnoll hits you but does no damage.
Unknown command.
Press: ? - help, Shift-Dir - straight line, f/p - gnoll sergeant
Aim: a gnoll sergeant, wielding the +2 trident of Hacking and Slashing {chaos, rF+}, wearing the +3 scale mail "Raikkuwn" {rF+ rCorr Str+2 Dex+3 Stlth-} and wearing the +1 kite shield of Quutro {rPois rCorr Dex+2 SInv} The roots erupt in riotous growth!
Roots grab the gnoll sergeant. x2
The grasping roots constrict the gnoll sergeant. x2
The gnoll sergeant hits you but does no damage.
You easily resist.
The gnoll bouda barks out a call to the hunt!
The gnolls pick up the pace!
The gnoll zaps a wand.
Your mind is blasted!
* * * LOW HITPOINT WARNING * * *
The gnoll hits you but does no damage. The gnoll attacks as you move away!
The gnoll hits you but does no damage.
The grasping roots constrict the gnoll sergeant, but do no damage.
The grasping roots constrict the gnoll sergeant!
The roots release their grip on the gnoll sergeant.
The gnoll sergeant hits you but does no damage.
The gnoll barely misses you.
The grasping roots constrict the gnoll sergeant.
The gnoll shouts!
The roots release their grip on the gnoll sergeant.
The gnoll sergeant hits you with the +2 trident of Hacking and Slashing {chaos, rF+}.
* * * LOW HITPOINT WARNING * * *
Space warps around you.
* * * LOW HITPOINT WARNING * * *
The gnoll sergeant hits you with a +2 trident of electrocution.
* * * LOW HITPOINT WARNING * * *
You are electrocuted!
You die...

...............................#
...............................#
....≈≈≈≈≈≈≈≈≈≈≈≈~≈≈≈≈≈≈≈≈≈≈≈≈..#
....≈≈≈≈≈≈≈≈≈≈≈≈~≈≈≈≈≈≈≈≈≈≈≈≈..#
....≈≈#####...........#####≈≈.##
....≈≈#.8.#.###.©.###.#.8g#≈≈.#
....≈≈#..g###©#####.###.gg#≈≈.#
....≈≈###..g..W.g.......###≈≈.#
....≈≈.8# # ##@## ##.#8.≈≈.#
....≈≈.##g# #8gg#...#.##.≈≈.#
....~~.#gW #⌠©gg...'..#.~~.#
....≈≈.##.#$$$#8..#...#.##.≈≈.#
....≈≈.8#.######'###'##.#8.≈≈.##
....≈≈###.g.............###≈≈..#
....≈≈#g..###g#####.###...#≈≈..#
....≈≈#g8.#.###.©.###.#.8.#≈≈..#
....≈≈#####...........#####≈≈..#


You could see 3 gnoll sergeants, a gnoll bouda, Hubris850's ghost and 3 gnolls.

Vanquished Creatures
  Sigmund (D:5)
  Menkaure (D:5)
  A water moccasin (D:6)
  3 black bears
  An orc warrior (D:3)
  An ice beast (D:5)
  A centaur (D:6)
  A phantom (D:5)
  3 scorpions
  3 wights (D:6)
  4 hounds
  An orc priest (D:6)
  3 iguanas
  9 orc wizards
  Robin (D:4)
  9 gnolls
  9 adders
  5 worms
  2 dart slugs
  20 orcs
  7 endoplasms
  2 giant cockroaches
  19 goblins
  10 hobgoblins
  3 jackals (D:1)
  6 kobolds
  5 quokkas
  12 ball pythons
  9 bats
  3 frilled lizards
  6 rats
161 creatures vanquished.

Vanquished Creatures (others)
  A human (D:3)
1 creature vanquished.

Grand Total: 162 creatures vanquished

Notes
Turn   | Place    | Note
-------+----------+-------------------------------------------
     0 | D:1      | Pooter the Minotaur Fighter began the quest for the Orb.
     0 | D:1      | Reached XP level 1. HP: 19/19 MP: 0/0
   100 | D:1      | Reached skill level 3 in Axes
   103 | D:1      | Reached XP level 2. HP: 22/27 MP: 1/1
   347 | D:1      | Found a faded altar of an unknown god.
   869 | D:1      | Reached XP level 3. HP: 23/33 MP: 2/2
   944 | D:1      | Reached skill level 4 in Axes
  1227 | D:2      | Reached XP level 4. HP: 39/41 MP: 3/3
  1505 | D:2      | Reached skill level 5 in Axes
  1752 | D:2      | Reached skill level 5 in Fighting
  1752 | D:2      | Reached XP level 5. HP: 42/48 MP: 4/4
  1859 | D:3      | Found an iron altar of Okawaru.
  2068 | D:3      | Identified the +8 sling of the Boar {elec, Drain Fragile
                  | rPois Int+4}
  2099 | D:3      | Reached skill level 1 in Ranged Weapons
  2107 | D:3      | Found a shadowy altar of Dithmenos.
  2354 | D:3      | Found an ancient bone altar of Kikubaaqudgha.
  2473 | D:3      | Noticed a human
  2474 | D:3      | Killed a human
  2584 | D:4      | Reached skill level 6 in Axes
  2584 | D:4      | Reached XP level 6. HP: 56/56 MP: 5/5
  2933 | D:3      | Became a worshipper of Warmaster Okawaru
  3031 | D:4      | Noticed Robin
  3035 | D:4      | Noticed an orc warrior
  3098 | D:3      | Killed an orc warrior
  3359 | D:4      | Killed Robin
  3623 | D:4      | Found a broken altar of Ashenzari.
  3936 | D:5      | Entered Level 5 of the Dungeon
  3952 | D:5      | Noticed Sigmund
  4001 | D:5      | Reached XP level 7. HP: 42/62 MP: 6/6
  4170 | D:5      | Noticed Menkaure
  4177 | D:5      | Killed Menkaure
  4178 | D:5      | Reached skill level 7 in Axes
  4482 | D:5      | Killed Sigmund
  4482 | D:5      | Reached * piety under Okawaru
  4524 | D:5      | Reached skill level 5 in Ranged Weapons
  4793 | D:5      | Reached skill level 8 in Axes
  4793 | D:5      | Reached XP level 8. HP: 55/71 MP: 7/7
  4853 | D:5      | Identified the ring "Hent" {Ice Str+3 SInv}
  5021 | D:5      | Found a staircase to the Ecumenical Temple.
  5127 | D:5      | Found a basalt altar of Yredelemnul.
  5419 | D:6      | Reached ** piety under Okawaru
  5475 | D:6      | Reached skill level 9 in Axes
  5863 | D:6      | Reached XP level 9. HP: 79/79 MP: 8/8
  5972 | D:6      | Found a transporter.
  6012 | D:6      | Found a transporter.
  6156 | D:6      | Identified the +2 trident of Hacking and Slashing {chaos,
                  | rF+}
  6156 | D:6      | Identified the +3 scale mail "Raikkuwn" {rF+ rCorr Str+2
                  | Dex+3 Stlth-}
  6156 | D:6      | Identified the +1 kite shield of Quutro {rPois rCorr Dex+2
                  | SInv}
  6156 | D:6      | Noticed Hubris850's ghost (novice MiFi)
  6988 | D:6      | Identified the ring of Bestreaj {rN+ Str+2 Stlth+}
  6988 | D:6      | HP: 1/79 [gnoll sergeant/+2 trident of electrocution (6)]
  6988 | D:6      | Demolished by a gnoll sergeant

Illustrated notes

Levels and vault maps discovered:
D:1:      psy_arrival_spokes, layout_loops_ring,
          dreamdust_ecumenical_altar_grove, serial_glass, glass_columns_a,
          glass_columns_a, glass_columns_a, glass_columns_a, glass_columns_c,
          glass_columns_a, glass_columns_a, glass_columns_a, glass_columns_a,
          glass_columns_b, minmay_cupped
D:2:      layout_rooms, minmay_increasing_density
D:3:      layout_rooms, tgw_kikubaaqudgha, nicolae_overflow_hidden_temple,
          kennysheep_big_empty_room, hangedman_decor_push, kennysheep_potato
D:4:      layout_cave_pods, mainiacjoe_overflow_alcove_4, uniq_robin
D:5:      layout_loops_ring, mainiacjoe_overflow_chevrons,
          minmay_temple_entry_crystal_x, uniq_sigmund, uniq_menkaure
D:6:      layout_gridville, gammafunk_ghost_gnarly_gnolls,
          amcnicky_mini_rare_corridor_liquid, lemuel_flamethrower_2

Skill      XL: |  1  2  3  4  5  6  7  8 |
---------------+-------------------------+-----
Axes           | 3 4 5 6 8 9 |  9.9
Fighting       | 4 5 6 7 |  7.6
Ranged Weapons | 2 3 5 7 |  7.4
Armour         | |  3.6
Shields        | |  3.6

Action                     |  1- 3 |  4- 6 |  7- 9 || total
---------------------------+-------+-------+-------++-------
  Melee: War axe           |    93 |   146 |       ||   239
         Headbutt          |     6 |    20 |    12 ||    38
         Battleaxe         |       |    28 |    88 ||   116
   Fire: Sling             |       |    70 |    15 ||    85
         Orcbow            |       |       |     9 ||     9
  Throw: Stone             |       |     2 |       ||     2
         Dart              |       |       |     4 ||     4
         Javelin           |       |       |     3 ||     3
 Invoke: Heroism           |       |       |     5 ||     5
  Evoke: Wand              |       |       |     1 ||     1
    Use: Scroll            |     3 |     4 |     3 ||    10
         Potion            |       |     1 |       ||     1
 Armour: Scale mail        |    38 |    90 |       ||   128
         Plate armour      |       |    39 |    96 ||   135
  Dodge: Dodged            |    34 |    90 |    61 ||   185
  Block: Buckler           |    28 |    34 |       ||    62

Table legend: (Time is in decaauts)
 A = Elapsed time spent in this place.
 B = Non-inter-level travel time spent in this place.
 C = Inter-level travel time spent in this place.
 D = Time resting spent in this place.
 E = Time spent auto-exploring this place.
 F = Levels seen in this place.
 G = Mean time per level.
                   A        B        C        D        E       F      G
               +--------+--------+--------+--------+--------+-----+--------+
         Total |   7129 |   6922 |    207 |   1755 |   3715 |   6 | 1188.2 |
       Dungeon |   7129 |   6922 |    207 |   1755 |   3715 |   6 | 1188.2 |
               +--------+--------+--------+--------+--------+-----+--------+

Top non-repeatable levels by time:
     D:6: 1659 daAuts
     D:5: 1388 daAuts
     D:4: 1256 daAuts
     D:1: 1189 daAuts
     D:3: 918 daAuts
     D:2: 716 daAuts
